3L
BROOKLYN DODGERS @ PANAMA CITY PIRANHAS
06/15/2038
 
TOP OF THE 1ST
Brooklyn Dodgers batting - Pitching for Panama City Piranhas : LHP Edison Larson
Pitching: LHP Edison Larson
Batting: SHB Tony Manzanares 0-0: SINGLE (Groundball, 34S, EV 65.0 MPH) (infield hit)
Batting: RHB Cody Jaeckel 0-0: Ball
1-0: Foul Ball, location: 2F
1-1: Ball
2-1: Grounds into double play, 6-4-3 (Groundball, 6S, EV 92.5 MPH)
Batting: RHB Carlos Muñóz 0-0: Ball
1-0: Ball
2-0: Foul Ball, location: 2F
2-1: Fly out, F7 (Flyball, 78D, EV 108.1 MPH)
Top of the 1st over - 0 runs, 1 hit, 0 errors, 0 left on base; Brooklyn 0 - Panama City 0
BOTTOM OF THE 1ST
Panama City Piranhas batting - Pitching for Brooklyn Dodgers : LHP Holden Rosen Grupp
Pitching: LHP Holden Rosen Grupp
Batting: RHB Quindarious Monday 0-0: Called Strike
0-1: Called Strike
0-2: SINGLE (Line Drive, 34, EV 97.5 MPH)
Batting: RHB Bruno Williams 0-0: Ball
1-0: Fly out, F9 (Flyball, 9LS, EV 89.4 MPH)
Batting: RHB Craig Tricket 0-0: Foul Ball, location: 2F
0-1: Foul Ball, location: 2F
0-2: SINGLE (Line Drive, 34D, EV 103.8 MPH)
Quindarious Monday to second
Batting: RHB Silvio Bonauiti 0-0: Called Strike
0-1: Called Strike
0-2: Ball
1-2: Ball
2-2: Ground out 5-3 (Groundball, 5S, EV 70.0 MPH)
Quindarious Monday to third
Craig Tricket to second
Batting: SHB Tom Dickinson 0-0: Ball
1-0: Called Strike
1-1: Ball
2-1: Foul Ball, location: 2F
2-2: Ball
3-2: Ground out 6-3 (Groundball, 6, EV 88.1 MPH)
Bottom of the 1st over - 0 runs, 2 hits, 0 errors, 2 left on base; Brooklyn 0 - Panama City 0
TOP OF THE 2ND
Brooklyn Dodgers batting - Pitching for Panama City Piranhas : LHP Edison Larson
Batting: SHB Peer van Lochem 0-0: SINGLE (Groundball, 6MD, EV 94.4 MPH)
Batting: LHB Hugh Hill 0-0: Ball
1-0: Called Strike
1-1: Foul Ball, location: 2F
1-2: DOUBLE (Groundball, 3L, EV 93.8 MPH)
Peer van Lochem to third
Batting: LHB Tony Wonder 0-0: Swinging Strike
0-1: Called Strike
0-2: Ball
1-2: Foul Ball, location: 2F
1-2: Foul Ball, location: 2F
1-2: Fly out, F8 (Flyball, 8LD, EV 95.0 MPH)
Runner from 3rd tags up, SCORES, throw by CF
Hugh Hill to third
Batting: LHB Aaron Day 0-0: Swinging Strike
0-1: Swinging Strike
0-2: Foul Ball, location: 2F
0-2: Strikes out looking
Batting: LHB Bob Daugherty 0-0: Called Strike
0-1: Ball
1-1: Swinging Strike
1-2: Ball
2-2: Ball
3-2: SINGLE (Groundball, 5D, EV 100.0 MPH)
Hugh Hill scores
Batting: RHB Bill Chaundler 0-0: Ball
1-0: SINGLE (Groundball, 4MD, EV 104.4 MPH)
Bob Daugherty to second
Batting: SHB Tony Manzanares 0-0: Ball
1-0: Ball
2-0: SINGLE (Groundball, 6MD, EV 105.6 MPH)
Bob Daugherty to third
Bill Chaundler to second
Runner from 3rd tries for Home, SAFE, no throw by CF
Batting: RHB Cody Jaeckel 0-0: Foul Ball, location: 2F
0-1: Fielders Choice at 2nd, 6-4 (Groundball, 6, EV 88.1 MPH)
Top of the 2nd over - 3 runs, 5 hits, 0 errors, 2 left on base; Brooklyn 3 - Panama City 0
BOTTOM OF THE 2ND
Panama City Piranhas batting - Pitching for Brooklyn Dodgers : LHP Holden Rosen Grupp
Batting: SHB Ben Boston 0-0: Ground out 5-3 (Groundball, 56, EV 91.9 MPH)
Batting: RHB Petri Kallio 0-0: DOUBLE (Flyball, 7LD, EV 112.5 MPH)
Batting: LHB Nathan Tanner 0-0: Called Strike
0-1: SINGLE (Line Drive, 56D, EV 95.6 MPH)
Petri Kallio to third
Runner from 3rd tries for Home, SAFE, throw by LF to home
Nathan Tanner to second
Batting: LHB Murray Sperber 0-0: Ball
1-0: Ball
2-0: Called Strike
2-1: Ball
3-1: Base on Balls
Batting: RHB Quindarious Monday 0-0: Called Strike
0-1: Ball
1-1: Swinging Strike
1-2: Fly out, F8 (Flyball, 89M, EV 95.6 MPH)
Batting: RHB Bruno Williams 0-0: Called Strike
0-1: Ground out 4-3 (Groundball, 4, EV 86.9 MPH)
Bottom of the 2nd over - 1 run, 2 hits, 0 errors, 2 left on base; Brooklyn 3 - Panama City 1
TOP OF THE 3RD
Brooklyn Dodgers batting - Pitching for Panama City Piranhas : LHP Edison Larson
Batting: RHB Carlos Muñóz 0-0: Ball
1-0: Called Strike
1-1: Foul Ball, location: 2F
1-2: Ground out 4-3 (Groundball, 4, EV 100.6 MPH)
Batting: SHB Peer van Lochem 0-0: SINGLE (Groundball, 56D, EV 95.0 MPH)
Batting: LHB Hugh Hill 0-0: Fly out, F8 (Flyball, 8LM, EV 76.2 MPH)
Batting: LHB Tony Wonder 0-0: Called Strike
0-1: Ball
Wild Pitch!
Peer van Lochem to second
1-1: Ground out 4-3 (Groundball, 4, EV 85.0 MPH)
Top of the 3rd over - 0 runs, 1 hit, 0 errors, 1 left on base; Brooklyn 3 - Panama City 1
BOTTOM OF THE 3RD
Panama City Piranhas batting - Pitching for Brooklyn Dodgers : LHP Holden Rosen Grupp
Batting: RHB Craig Tricket 0-0: Ball
1-0: Called Strike
1-1: Ball
2-1: Ball
3-1: Base on Balls
Batting: RHB Silvio Bonauiti 0-0: Grounds into double play, 4-6-3 (Groundball, 4, EV 101.9 MPH)
Batting: SHB Tom Dickinson 0-0: Foul Ball, location: 2F
0-1: Ball
1-1: Ground out U3 (Groundball, 3S, EV 68.1 MPH)
Bottom of the 3rd over - 0 runs, 0 hits, 0 errors, 0 left on base; Brooklyn 3 - Panama City 1
TOP OF THE 4TH
Brooklyn Dodgers batting - Pitching for Panama City Piranhas : LHP Edison Larson
Batting: LHB Aaron Day 0-0: Ball
1-0: Swinging Strike
1-1: Swinging Strike
1-2: Ball
2-2: Foul Ball, location: 2F
2-2: Strikes out swinging
Batting: LHB Bob Daugherty 0-0: Ball
1-0: Ball
2-0: Ball
3-0: Called Strike
3-1: Called Strike
3-2: Fly out, F8 (Line Drive, 8LM, EV 93.8 MPH)
Batting: RHB Bill Chaundler 0-0: Ball
1-0: Ball
2-0: Called Strike
2-1: Foul Ball, location: 2F
2-2: SINGLE (Line Drive, 4MD, EV 96.9 MPH)
Batting: SHB Tony Manzanares 0-0: Called Strike
0-1: SINGLE (Groundball, 6D, EV 105.0 MPH)
Bill Chaundler to second
Batting: RHB Cody Jaeckel 0-0: Foul Ball, location: 2F
0-1: Ball
1-1: Ball
2-1: Ball
3-1: Base on Balls
Bill Chaundler to third
Tony Manzanares to second
Batting: RHB Carlos Muñóz 0-0: Swinging Strike
0-1: Foul Ball, location: 2F
0-2: Ball
1-2: Strikes out looking
Top of the 4th over - 0 runs, 2 hits, 0 errors, 3 left on base; Brooklyn 3 - Panama City 1
BOTTOM OF THE 4TH
Panama City Piranhas batting - Pitching for Brooklyn Dodgers : LHP Holden Rosen Grupp
Batting: SHB Ben Boston 0-0: Ball
1-0: SINGLE (Groundball, 56D, EV 98.8 MPH)
Batting: RHB Petri Kallio 0-0: Ball
1-0: Called Strike
1-1: Ball
2-1: Fly out, F3 (Popup, 3S, EV 75.6 MPH)
Batting: LHB Nathan Tanner 0-0: DOUBLE (Line Drive, 7LS, EV 96.9 MPH)
Ben Boston to third
Runner from 3rd tries for Home, SAFE, throw by LF to trailing runner, OUT at third! 7-6-5
Batting: LHB Murray Sperber 0-0: DOUBLE (Line Drive, 78XD, EV 106.2 MPH)
Batting: RHB Quindarious Monday 0-0: Called Strike
0-1: Fly out, F9 (Flyball, 9S, EV 89.4 MPH)
Bottom of the 4th over - 1 run, 3 hits, 0 errors, 1 left on base; Brooklyn 3 - Panama City 2
TOP OF THE 5TH
Brooklyn Dodgers batting - Pitching for Panama City Piranhas : LHP Edison Larson
Batting: SHB Peer van Lochem 0-0: Ball
1-0: Ground out 5-3 (Groundball, 56, EV 100.6 MPH)
Batting: LHB Hugh Hill 0-0: Called Strike
0-1: Ball
1-1: Ball
2-1: Ball
3-1: Swinging Strike
3-2: Base on Balls
Batting: LHB Tony Wonder 0-0: Called Strike
0-1: Foul Ball, location: 2F
0-2: Ball
1-2: Ball
2-2: Ground out 6-3 (Groundball, 6D, EV 86.2 MPH)
Hugh Hill to second
Batting: LHB Aaron Day 0-0: Ball
1-0: Swinging Strike
1-1: Called Strike
1-2: Foul Ball, location: 2F
1-2: Ball
2-2: Ball
3-2: Ground out 4-3 (Groundball, 4, EV 85.0 MPH)
Top of the 5th over - 0 runs, 0 hits, 0 errors, 1 left on base; Brooklyn 3 - Panama City 2
BOTTOM OF THE 5TH
Panama City Piranhas batting - Pitching for Brooklyn Dodgers : LHP Holden Rosen Grupp
Batting: RHB Bruno Williams 0-0: Ground out 5-3 (Groundball, 56, EV 82.5 MPH)
Batting: RHB Craig Tricket 0-0: Swinging Strike
0-1: Ball
1-1: Called Strike
1-2: Ball
2-2: Ground out 6-3 (Groundball, 6, EV 110.6 MPH)
Batting: RHB Silvio Bonauiti 0-0: Called Strike
0-1: Ground out 6-3 (Groundball, 6, EV 84.4 MPH)
Bottom of the 5th over - 0 runs, 0 hits, 0 errors, 0 left on base; Brooklyn 3 - Panama City 2
TOP OF THE 6TH
Brooklyn Dodgers batting - Pitching for Panama City Piranhas : LHP Edison Larson
Batting: LHB Bob Daugherty 0-0: Ball
1-0: Foul Ball, location: 2F
1-1: Called Strike
1-2: Strikes out swinging
Pitching: RHP José Rosales
Batting: RHB Bill Chaundler 0-0: Ball
1-0: Ball
2-0: Called Strike
2-1: Ball
3-1: Base on Balls
Batting: SHB Tony Manzanares 0-0: Called Strike
0-1: Ball
1-1: Fielders Choice at 2nd, 3-6 (Groundball, 3, EV 104.4 MPH)
Batting: RHB Cody Jaeckel 0-0: Ball
1-0: Ball
2-0: Ball
3-0: Called Strike
3-1: Base on Balls
Tony Manzanares to second
Batting: RHB Carlos Muñóz 0-0: Ball
1-0: Foul Ball, location: 2F
1-1: Called Strike
1-2: Strikes out looking
Top of the 6th over - 0 runs, 0 hits, 0 errors, 2 left on base; Brooklyn 3 - Panama City 2
BOTTOM OF THE 6TH
Panama City Piranhas batting - Pitching for Brooklyn Dodgers : LHP Holden Rosen Grupp
Batting: SHB Tom Dickinson 0-0: Called Strike
0-1: Foul Ball, location: 2F
0-2: Foul Ball, location: 2F
0-2: Fly out, F6 (Popup, 6MS, EV 86.2 MPH)
Batting: SHB Ben Boston 0-0: Ball
1-0: Foul Ball, location: 2F
1-1: Ball
2-1: SINGLE (Groundball, 56D, EV 102.5 MPH)
Batting: RHB Petri Kallio 0-0: Called Strike
0-1: Called Strike
0-2: Strikes out swinging
Batting: LHB Nathan Tanner 0-0: Ball
1-0: Foul Ball, location: 2F
1-1: Ball
2-1: Fly out, F7 (Flyball, 7LSF, EV 86.9 MPH)
Bottom of the 6th over - 0 runs, 1 hit, 0 errors, 1 left on base; Brooklyn 3 - Panama City 2
TOP OF THE 7TH
Brooklyn Dodgers batting - Pitching for Panama City Piranhas : RHP José Rosales
Batting: SHB Peer van Lochem 0-0: Ball
1-0: Called Strike
1-1: Called Strike
1-2: Strikes out swinging
Batting: LHB Hugh Hill 0-0: Ball
1-0: Foul Ball, location: 2F
1-1: Ball
2-1: Foul Ball, location: 2F
2-2: Strikes out swinging
Batting: LHB Tony Wonder 0-0: Ground out U3 (Groundball, 34, EV 87.5 MPH)
Top of the 7th over - 0 runs, 0 hits, 0 errors, 0 left on base; Brooklyn 3 - Panama City 2
BOTTOM OF THE 7TH
Panama City Piranhas batting - Pitching for Brooklyn Dodgers : LHP Holden Rosen Grupp
Batting: LHB Murray Sperber 0-0: Ball
1-0: Swinging Strike
1-1: Ball
2-1: Called Strike
2-2: Foul Ball, location: 2F
2-2: Strikes out swinging
Batting: RHB Quindarious Monday 0-0: Called Strike
0-1: Ball
1-1: Ball
2-1: Ball
3-1: Base on Balls
Batting: RHB Bruno Williams 0-0: Ball
1-0: Ball
2-0: Called Strike
2-1: Swinging Strike
2-2: Strikes out swinging
Batting: RHB Craig Tricket 0-0: Called Strike
0-1: Swinging Strike
0-2: Ball
1-2: SINGLE (Line Drive, 89S, EV 106.2 MPH)
Quindarious Monday to second
Batting: RHB Silvio Bonauiti 0-0: Foul Ball, location: 2F
0-1: Foul Ball, location: 2F
0-2: Ball
1-2: Foul Ball, location: 2F
1-2: Ball
2-2: Ball
3-2: Base on Balls
Quindarious Monday to third
Craig Tricket to second
Batting: SHB Tom Dickinson 0-0: Ball
1-0: Ball
2-0: Ball
3-0: Base on Balls
Quindarious Monday scores
Craig Tricket to third
Silvio Bonauiti to second
Pitching: RHP Harrison Tuff
Batting: SHB Ben Boston 0-0: Ball
1-0: Ball
2-0: Ball
3-0: Called Strike
3-1: Base on Balls
Craig Tricket scores
Silvio Bonauiti to third
Tom Dickinson to second
Batting: RHB Petri Kallio 0-0: Fly out, F8 (Flyball, 8LD, EV 102.5 MPH)
Bottom of the 7th over - 2 runs, 1 hit, 0 errors, 3 left on base; Brooklyn 3 - Panama City 4
TOP OF THE 8TH
Brooklyn Dodgers batting - Pitching for Panama City Piranhas : RHP José Rosales
Batting: LHB Aaron Day 0-0: Ball
1-0: Called Strike
1-1: Ball
2-1: Ball
3-1: Ground out 4-3 (Groundball, 4, EV 101.9 MPH)
Batting: LHB Bob Daugherty 0-0: SINGLE (Line Drive, 6D, EV 94.4 MPH)
Pitching: RHP Orynn Veillon
Batting: RHB Bill Chaundler 0-0: Called Strike
0-1: Called Strike
0-2: Grounds into double play, 1-6-3 (Groundball, 13, EV 81.9 MPH)
Top of the 8th over - 0 runs, 1 hit, 0 errors, 0 left on base; Brooklyn 3 - Panama City 4
BOTTOM OF THE 8TH
Panama City Piranhas batting - Pitching for Brooklyn Dodgers : RHP Harrison Tuff
Batting: LHB Nathan Tanner 0-0: Reached on error, E5 (Groundball, 5L, EV 105.6 MPH)
Batting: LHB Murray Sperber 0-0: Swinging Strike
0-1: Ball
1-1: Called Strike
1-2: Foul Ball, location: 2F
1-2: Fly out, F8 (Flyball, 78S, EV 88.8 MPH)
Batting: RHB Quindarious Monday 0-0: Intentional Walk
Batting: RHB Bruno Williams 0-0: Called Strike
0-1: Foul Ball, location: 2F
0-2: Fly out, F8 (Line Drive, 8RD, EV 85.6 MPH)
Runner from 2nd tags up, SAFE at 3rd with throw by CF
Batting: RHB Craig Tricket 0-0: Ball
1-0: Ball
2-0: Foul Ball, location: 2F
2-1: Fly out, F9 (Flyball, 89D, EV 76.9 MPH)
Bottom of the 8th over - 0 runs, 0 hits, 1 error, 2 left on base; Brooklyn 3 - Panama City 4
TOP OF THE 9TH
Brooklyn Dodgers batting - Pitching for Panama City Piranhas : RHP Orynn Veillon
Pitching: LHP Joe Khokar
Batting: SHB Tony Manzanares 0-0: Foul Ball, location: 2F
0-1: Called Strike
0-2: Ball
1-2: Strikes out swinging
Batting: RHB Cody Jaeckel 0-0: SINGLE (Groundball, 6MD, EV 95.0 MPH)
Batting: RHB Carlos Muñóz 0-0: Ball
1-0: Ball
2-0: Called Strike
2-1: 2-RUN HOME RUN (Flyball, 7LD, EV 105.6 MPH), Distance : 336 ft
Batting: SHB Peer van Lochem 0-0: Called Strike
0-1: TRIPLE (Flyball, 78XD, EV 93.1 MPH)
Batting: LHB Hugh Hill 0-0: Called Strike
0-1: Foul Ball, location: 2F
0-2: Ball
1-2: Foul Ball, location: 2F
1-2: DOUBLE (Line Drive, 3D, EV 95.6 MPH)
Peer van Lochem scores
Batting: LHB Tony Wonder 0-0: Called Strike
0-1: Foul Ball, location: 2F
0-2: Ball
1-2: Ball
2-2: Foul Ball, location: 2F
2-2: Strikes out swinging
Batting: LHB Aaron Day 0-0: Called Strike
0-1: Ball
1-1: Swinging Strike
1-2: Ball
2-2: Strikes out swinging
Top of the 9th over - 3 runs, 4 hits, 0 errors, 1 left on base; Brooklyn 6 - Panama City 4
BOTTOM OF THE 9TH
Panama City Piranhas batting - Pitching for Brooklyn Dodgers : RHP Harrison Tuff
Pitching: RHP Ramón Granados
Batting: RHB Silvio Bonauiti 0-0: Foul Ball, location: 2F
0-1: Swinging Strike
0-2: Ground out 6-3 (Groundball, 6, EV 108.8 MPH)
Batting: SHB Tom Dickinson 0-0: Ball
1-0: Ball
2-0: Ball
3-0: Called Strike
3-1: Foul Ball, location: 2F
3-2: Base on Balls
Batting: SHB Ben Boston 0-0: Called Strike
0-1: Foul Ball, location: 2F
0-2: Ball
1-2: Ball
2-2: Strikes out swinging
Batting: RHB Petri Kallio 0-0: Called Strike
0-1: Foul Ball, location: 2F
0-2: TRIPLE (Line Drive, 9LD, EV 100.0 MPH)
Tom Dickinson scores
Batting: LHB Nathan Tanner 0-0: Ball
1-0: Ball
2-0: Ball
3-0: Called Strike
3-1: Foul Ball, location: 2F
3-2: Foul Ball, location: 2F
3-2: Base on Balls
Batting: LHB Murray Sperber 0-0: Ball
1-0: Fielders Choice at 2nd, U6 (Groundball, 6M, EV 87.5 MPH)
Bottom of the 9th over - 1 run, 1 hit, 0 errors, 2 left on base; Brooklyn 6 - Panama City 5
Friday, April 17th, 2020 - OOTP Baseball 20.8 Build 74